 Dungeon Crawl Stone Soup version 0.30.1-4-g462c640d31 (webtiles) character file.

Game seed: 1167750650949383005

14085 Silencio the Severer (level 11, -3/111 HPs)
             Began as a Minotaur Berserker on Sept 12, 2023.
             Was a High Priest of Trog.
             Slain by a four-headed hydra (10 damage)
             ... on level 14 of the Dungeon.
             The game lasted 00:29:26 (18186 turns).

Silencio the Severer (Minotaur Berserker)          Turns: 18186, Time: 00:29:26

Health: -3/111     AC: 29    Str: 27    XL:     11   Next: 84%
Magic:  10/10      EV:  9    Int:  4    God:    Trog [*****.]
Gold:   1758       SH:  0    Dex:  9    Spells: 10/10 levels left

rFire   . . .        p - +9 broad axe (elec)
rCold   . . .        (no shield)
rNeg    . . .        h - +18 Lear's hauberk
rPois   .            (helmet currently unavailable)
rElec   .            O - +2 cloak
rCorr   .            (gloves currently unavailable)
SInv    .            (boots currently unavailable)
Will    .....        (no amulet) Stlth
                     (no ring)
HPRegen 0.38/turn    (no ring)
MPRegen 0.12/turn

%: no passive effects
@: on berserk cooldown, slowed, very slow
A: horns 2, retaliatory headbutt
a: Renounce Religion, Berserk, Trog's Hand, Brothers in Arms


You were on level 14 of the Dungeon.
You worshipped Trog.
Trog was extremely pleased with you.
You visited 1 branch of the dungeon, and saw 12 of its levels.

You collected 1758 gold pieces.

Inventory:

Hand Weapons
 a - a +0 hand axe
 p - a +9 broad axe of electrocution (weapon)
 F - a +1 trident of venom
 H - a +2 executioner's axe of electrocution
Missiles
 R - 3 throwing nets (quivered)
Armour
 b - a +0 animal skin
 h - the +18 Lear's hauberk (worn)
   (You found it on level 6 of the Dungeon)
 k - a +1 pair of gloves
 l - a +2 pair of boots
 m - a +0 scale mail
 G - a +0 chain mail
 O - a +2 cloak (worn)
Jewellery
 t - the dreamshard necklace {*Dream Drain}
   (You found it on level 10 of the Dungeon)

   [amulet of nothing]

   *Dream:    It shatters if its wearer takes lethal or near-lethal damage,
   preventing the blow and releasing protective dreams that heal and fight for
   the wearer.
   Drain:     It drains your maximum health when unequipped.
 E - a ring of ice
 I - a +6 ring of strength
 L - an amulet of magic regeneration
 Q - a ring of protection from cold
Wands
 A - a wand of paralysis (6)
 B - a wand of acid (21)
 J - a wand of flame (25)
 K - a wand of polymorph (12)
 P - a wand of roots (3)
 S - a wand of mindburst (7)
Scrolls
 c - a scroll of enchant weapon
 f - 2 scrolls of fog
 g - a scroll of noise
 o - 2 scrolls of poison
 s - 4 scrolls of vulnerability
 y - 7 scrolls of teleportation
 D - a scroll of summoning
 M - 2 scrolls of silence
 N - 3 scrolls of fear {unknown}
 T - 2 scrolls of immolation {unknown}
Potions
 d - 2 potions of flight {unknown}
 i - 3 potions of might
 j - 2 potions of resistance
 n - a potion of berserk rage {unknown}
 q - 4 potions of curing
 r - 2 potions of mutation
 u - 2 potions of attraction
 v - 6 potions of brilliance
 w - a potion of heal wounds {unknown}
 x - 2 potions of lignification
 z - a potion of degeneration
 C - a potion of ambrosia {unknown}
 U - a potion of cancellation


   Skills:
 * Level 14.5 Fighting
 - Level 18.0 Axes
 - Level 2.4 Armour
 - Level 2.2 Dodging


You had 10 spell levels left.
You didn't know any spells.
Your spell library was empty.

Dungeon Overview and Level Annotations

Branches:
Dungeon (11/15)            Temple (0/1) D:7            Lair (0/5) D:11
 Vaults (0/5) D:14
    Orc: D:9-12

Altars:
Ashenzari
Cheibriados
Dithmenos
Elyvilon
Fedhas
Gozag
Makhleb
Ru
Uskayaw
Yredelemnul
Zin
The Shining One

Shops:
D:7 (   D:10 :*

Annotations:
D:9 exclusion: orange crystal statue


Innate Abilities, Weirdness & Mutations

You have a pair of horns on your head.
You reflexively headbutt those who attack you in melee.


Message History

You furiously retaliate!
You headbutt the brown ugly thing!
Blink to where?
Press: ? - help, Q - select action, (/) - cycle Dir - move target
As you read the scroll of blinking, it crumbles to dust.
Two slime creatures merge to form a large slime creature.
You open the door.
A four-headed hydra comes into view.
The four-headed hydra roars!
Found a potion of curing.
Blink to where?
Press: ? - help, Q - select action, (/) - cycle Dir - move target A troll comes into view.
Found a wand of paralysis (7).
As you read the scroll of blinking, it crumbles to dust.
The troll shouts!
Found 14 gold pieces.
Found a cloak.
The troll attacks as you move away! The troll bites you but does no damage.
The troll claws you but does no damage. x2; The troll bites you!
* * * LOW HITPOINT WARNING * * *
The troll claws you but does no damage. The troll claws you.
* * * LOW HITPOINT WARNING * * *
You see here a wand of paralysis (7).
Aiming: Paralyse
Press: ? - help, Q - select action, (/) - cycle Shift-Dir - straight line, f - four-headed hydra
Aim: a four-headed hydra (chance to affect: 17%)
The four-headed hydra resists with almost no effort.
The four-headed hydra bites you but does no damage.
The four-headed hydra bites you!
* * * LOW HITPOINT WARNING * * *
The four-headed hydra bites you but does no damage.
The four-headed hydra bites you.
* * * LOW HITPOINT WARNING * * *
The troll bites you but does no damage. The troll claws you but does no damage.
The troll barely misses you.
The four-headed hydra barely misses you.
You furiously retaliate!
You headbutt the four-headed hydra!
The four-headed hydra barely misses you.
The four-headed hydra bites you!
You die...

#########
#.......####
########..........#
..........#.#.#.#.#
.......@/..........
...$....DT#.#.#.#..
..................#
#####..##!#.#.#.#.#
#.. #..........
[...#..#.#.#.#..
.....+...........
.....#...#..J#...
#...#...# ..


You could see a four-headed hydra, a slime creature and a troll.

Vanquished Creatures
  The ghost of porada001 the Cleaver, a journeyman HOFi of the Shining One (D:9)
  A vault guard (D:14)
  A hydra (D:10)
  2 boulder beetles
  A tengu warrior (D:14)
  A flayed ghost (D:10)
  A deep troll (D:10)
  Pikel (D:4)
  An orc knight (D:10)
  A manticore (D:14)
  Maurice (D:8)
  A kobold demonologist (D:7)
  A freezing wraith (D:10)
  A wind drake (shapeshifter) (D:10)
  4 trolls
  2 hornets
  A culicivora (shapeshifter) (D:10)
  3 shadows
  Eustachio (D:4)
  An unseen horror simulacrum (D:10)
  Grum (D:10)
  4 vampire mosquitoes
  A harpy simulacrum (D:14)
  Duvessa (D:7)
  3 ice beasts
  2 orc warriors
  A sky beast (D:6)
  A black bear (D:6)
  An ogre (D:4)
  A wolf (D:10)
  2 lemures (D:4)
  4 centaurs
  4 phantoms
  5 bullfrogs
  7 gnoll sergeants
  2 scorpions
  Dowan (D:7)
  3 killer bees (D:8)
  2 howler monkeys (D:7)
  10 hounds
  15 orc priests
  2 gnoll boudas (D:10)
  Ijyb (D:4)
  2 iguanas
  A sleepcap (D:6)
  14 orc wizards
  A mummy (D:4)
  29 gnolls
  7 adders
  2 river rats (D:5)
  A shadow imp (D:5)
  5 worms
  A dart slug (D:2)
  29 orcs
  4 endoplasms
  3 giant cockroaches
  6 goblins
  9 hobgoblins
  10 jackals
  8 kobolds
  5 quokkas
  9 ball pythons
  3 bats
  5 frilled lizards
  8 rats
263 creatures vanquished.

Notes
Turn   | Place    | Note
-------+----------+-------------------------------------------
     0 | D:1      | Silencio the Minotaur Berserker began the quest for the
                  | Orb.
     0 | D:1      | Reached XP level 1. HP: 19/19 MP: 0/0
   287 | D:1      | Reached skill level 4 in Axes
   499 | D:1      | Reached XP level 2. HP: 27/27 MP: 1/1
  1073 | D:1      | Reached ** piety under Trog
  1247 | D:1      | Reached skill level 5 in Axes
  1419 | D:1      | Reached XP level 3. HP: 29/33 MP: 2/2
  2453 | D:2      | Found a broken altar of Ashenzari.
  2869 | D:2      | Reached skill level 6 in Axes
  2869 | D:2      | Reached XP level 4. HP: 40/40 MP: 3/3
  3909 | D:3      | Found a snail-covered altar of Cheibriados.
  4202 | D:4      | Reached XP level 5. HP: 42/46 MP: 4/4
  4235 | D:4      | Reached skill level 7 in Axes
  4262 | D:4      | Noticed Eustachio
  4284 | D:4      | Killed Eustachio
  4285 | D:4      | Reached skill level 8 in Axes
  4285 | D:4      | Reached XP level 6. HP: 44/52 MP: 5/5
  4320 | D:4      | Reached *** piety under Trog
  4323 | D:4      | Reached skill level 9 in Axes
  4504 | D:4      | Noticed Pikel
  4505 | D:4      | Noticed Ijyb
  4514 | D:4      | Reached XP level 7. HP: 57/58 MP: 6/6
  4520 | D:4      | Killed Ijyb
  4523 | D:4      | Killed Pikel
  4524 | D:4      | Reached skill level 11 in Axes
  4524 | D:4      | Reached XP level 8. HP: 49/66 MP: 7/7
  4744 | D:4      | Found a sand-covered staircase.
  4913 | D:4      | Reached skill level 12 in Axes
  5393 | D:4      | Found a glowing golden altar of the Shining One.
  5401 | D:4      | Found a sacrificial altar of Ru.
  5561 | D:5      | Entered Level 5 of the Dungeon
  6543 | D:5      | Reached skill level 13 in Axes
  7965 | D:6      | Reached skill level 14 in Axes
  8411 | D:6      | Noticed a troll
  8425 | D:6      | Killed a troll
  8426 | D:6      | Reached XP level 9. HP: 32/71 MP: 8/8
  9021 | D:5      | Reached skill level 15 in Axes
  9425 | D:5      | Identified 3 scrolls of acquirement
  9425 | D:5      | Acquired a +2 executioner's axe of electrocution
  9426 | D:5      | Acquired 863 gold pieces
  9429 | D:5      | Acquired a +6 broad axe of electrocution
  9855 | D:6      | Found the +18 Lear's hauberk
 10059 | D:6      | Found a hide-covered altar of Uskayaw.
 10605 | D:7      | Noticed Duvessa
 10615 | D:7      | Killed Duvessa
 10701 | D:7      | Noticed Dowan
 10705 | D:7      | Killed Dowan
 10978 | D:7      | Noticed a troll
 10979 | D:7      | Noticed a troll
 10984 | D:7      | Killed a troll
 10985 | D:7      | Reached skill level 16 in Axes
 10991 | D:7      | Killed a troll
 11163 | D:7      | Found Epiah's Antique Weapon Shop.
 11198 | D:7      | Identified the +1 robe of Unambiguity {-Tele rC++ rN+++}
 11221 | D:7      | Reached **** piety under Trog
 11222 | D:7      | Reached skill level 17 in Axes
 11232 | D:7      | Reached XP level 10. HP: 78/78 MP: 9/9
 11657 | D:7      | Found a staircase to the Ecumenical Temple.
 11823 | D:8      | Found a burning altar of Makhleb.
 11883 | D:8      | Noticed Maurice
 11921 | D:8      | Killed Maurice
 12334 | D:9      | Found a basalt altar of Yredelemnul.
 12358 | D:9      | Found a runed translucent door.
 12360 | D:9      | Noticed porada001's ghost (journeyman HOFi)
 12390 | D:9      | Paralysed by a hornet for 1 turns
 12667 | D:9      | Reached skill level 18 in Axes
 12994 | D:9      | Found a white marble altar of Elyvilon.
 13138 | D:9      | Found a blossoming altar of Fedhas.
 13353 | D:9      | Noticed an orange crystal statue
 13574 | D:9      | Killed porada001's ghost
 13844 | D:10     | Entered Level 10 of the Dungeon
 13844 | D:10     | Found Zin's Purification Station.
 13854 | D:10     | Found a shadowy altar of Dithmenos.
 13860 | D:10     | Found a glowing silver altar of Zin.
 13874 | D:10     | Found a broken altar of Ashenzari.
 13991 | D:10     | Found Celaq's Book Emporium.
 14011 | D:10     | Found an opulent altar of Gozag.
 14732 | D:10     | Reached ***** piety under Trog
 15253 | D:10     | Identified the +6 scale mail of Elitism {rF+ rCorr Slay-4}
 15334 | D:10     | Reached XP level 11. HP: 84/99 MP: 10/10
 15817 | D:10     | Reached skill level 10 in Fighting
 15941 | D:10     | Noticed a deep troll
 15941 | D:10     | Found the dreamshard necklace {*Dream Drain}
 15942 | D:10     | Found a runed translucent door.
 15944 | D:10     | Noticed a six-headed hydra
 15944 | D:10     | Noticed a boulder beetle
 15944 | D:10     | Noticed a flayed ghost
 15944 | D:10     | Noticed an orc knight
 15998 | D:10     | Noticed Grum
 16029 | D:10     | Killed Grum
 16544 | D:10     | Killed a boulder beetle
 16547 | D:10     | Killed a nine-headed hydra
 16550 | D:10     | Killed a deep troll
 16557 | D:10     | Killed an orc knight
 16776 | D:10     | Killed a flayed ghost
 16974 | D:10     | Identified the +6 morningstar "Enouher" {elec, Str+2 Int+4}
 16981 | D:10     | Identified the +0 plate armour "Domumuat" {*Corrode Drain
                  | +Blink Int+8}
 16982 | D:10     | Identified the +0 plate armour "Sunuwoots" {Str+2}
 17096 | D:11     | Noticed a boulder beetle
 17109 | D:11     | Killed a boulder beetle
 17549 | D:11     | Found a staircase to the Lair.
 17984 | D:11     | You fall into a shaft and drop 3 floors!
 18157 | D:14     | Found a gate to the Vaults.
 18157 | D:14     | Noticed a six-headed hydra
 18157 | D:14     | Noticed a brown ugly thing
 18157 | D:14     | Noticed a vault guard
 18157 | D:14     | Noticed a vault guard
 18157 | D:14     | Noticed a vault guard
 18157 | D:14     | Noticed a vault guard
 18157 | D:14     | Noticed a tengu warrior
 18157 | D:14     | Noticed a tengu warrior
 18157 | D:14     | Noticed a two-headed ogre
 18164 | D:14     | Killed a vault guard
 18164 | D:14     | Killed a tengu warrior
 18180 | D:14     | Noticed a four-headed hydra
 18186 | D:14     | Slain by a four-headed hydra

Illustrated notes

Levels and vault maps discovered:
D:1:      scummos_arrival_simple_crosswalls, layout_loops_cross,
          minmay_crystal_room, minmay_split_cup_small
D:2:      layout_basic, basic_altar
D:3:      layout_rooms, cheibrodos_worm_habitat, minmay_goblin_kobold_house
D:4:      layout_cave_pools, amethyst_overflow_temple_binary,
          gup_ossuary_entry_pyramid, minmay_misc_feat_roman,
          corexii_item_surrounded_by_moat, uniq_pikel, uniq_ijyb, uniq_eustachio
D:5:      layout_basic, gup_sewer_entry_bubbles, nicolae_nh_ransacked_shop
D:6:      layout_rooms, old_standard_altar, hellmonk_guarded_unrand_lears
D:7:      minmay_cornered_nines, layout_basic, temple_pool_b, serial_shops,
          shop_statue, minmay_misc_feat_nine_boxes, uniq_duvessa
D:8:      layout_basic, mainiacjoe_overflow_cross_hatched, serial_rivers,
          chequers_serial_rivers_micro_b, chequers_serial_rivers_room_b,
          chequers_serial_rivers_micro_e, chequers_serial_rivers_room_b,
          chequers_serial_rivers_small_b, chequers_serial_rivers_micro_e,
          uniq_maurice
D:9:      layout_basic, amcnicky_altar_gilded,
          mainiacjoe_overflow_concentric_impassable, yredelemnul_altar_generic,
          hellmonk_ghost_happy_afterlife, interstate_on_off,
          minmay_statue_bubble
D:10:     minmay_gate_of_8, layout_cave_pools, grunt_dithmenos_smoke,
          mainiacjoe_overflow_boulevard, zin_purify, ashenzari_altar_1,
          serial_gnoll_camp, gnoll_camp_mini_shop, gnoll_camp_huts_basic,
          grums_kennel, gnoll_camp_mini_basic, gnoll_camp_mini_basic,
          gnoll_camp_medium_02
D:11:     layout_loops_corners, lair_entry_dummy, uniq_grum
D:14:     layout_gridville, lightli_vaults_fourway_checkpoint, minivault_25,
          serial_glass, glass_columns_c, glass_columns_b,
          minmay_variable_closet, nrook_mini_vaults

Skill      XL: |  1  2  3  4  5  6  7  8  9 10 11 |
---------------+----------------------------------+-----
Axes           | 4 5 6 8 9 11 14 17 18 | 18.0
Fighting       | 9 14 | 14.5
Armour         | |  2.4
Dodging        | |  2.2

Action                     |  1- 3 |  4- 6 |  7- 9 | 10-12 || total
---------------------------+-------+-------+-------+-------++-------
  Melee: Hand axe          |   107 |    97 |   200 |       ||   404
         Headbutt          |    10 |    20 |    41 |    36 ||   107
         Punch             |       |     1 |     4 |     2 ||     7
         Broad axe         |       |       |    74 |   243 ||   317
         Unarmed           |       |       |       |     9 ||     9
 Invoke: Berserk           |       |     2 |     5 |     3 ||    10
  Evoke: Wand              |       |       |     1 |     1 ||     2
    Use: Scroll            |       |       |    14 |    18 ||    32
         Potion            |       |       |     3 |     3 ||     6
 Armour: Animal skin       |    19 |       |       |       ||    19
         Scale mail        |     2 |    32 |    70 |       ||   104
         Chain mail        |       |       |    44 |   214 ||   258
         Skin              |       |       |       |    16 ||    16
  Dodge: Dodged            |    65 |    50 |    67 |   112 ||   294
